 Dungeon Crawl Stone Soup version 0.30.1-3-gfc49f6343a (webtiles) character file.

Game seed: 3792396328347463375

276 EWolf27 the Digger (level 6, -1/35 HPs)
             Began as a Gargoyle Earth Elementalist on July 21, 2023.
             Slain by Duvessa
             ... wielding a +0 short sword
              (11 damage)
             ... on level 6 of the Dungeon.
             The game lasted 00:15:07 (3346 turns).

EWolf27 the Digger (Gargoyle Earth Elementalist)    Turns: 3346, Time: 00:15:08

Health: -1/35      AC:  7    Str: 14    XL:     6   Next: 25%
Magic:  1/11       EV: 11    Int: 24    God:
Gold:   209        SH:  0    Dex: 10    Spells: 4/12 levels left

rFire   . . .        f - +0 dagger
rCold   . . .        (no shield)
rNeg    + . .        a - +0 robe
rPois   ∞            (no helmet)
rElec   +            (no cloak)
rCorr   .            n - +0 pair of gloves
SInv    .            (no boots)
Will    +....        (no amulet)
Stlth   ++           o - +6 ring of intelligence
HPRegen 0.25/turn    s - ring "Neunk" {Will+ Str+3}
MPRegen 0.12/turn

%: no passive effects
@: no status effects
A: sickness immunity, AC +4, negative energy resistance 1, electricity
resistance, torment resistance 1, petrification resistance
a: no special abilities


You were on level 6 of the Dungeon.
You visited 1 branch of the dungeon, and saw 5 of its levels.

You collected 209 gold pieces.

Inventory:

Hand Weapons
 f - a +0 dagger (weapon)
 m - a +2 mace of venom
Missiles
 e - 2 poisoned darts
Armour
 a - a +0 robe (worn)
 n - a +0 pair of gloves (worn)
 t - a +1 plate armour of cold resistance
Jewellery
 o - a +6 ring of intelligence (left hand)
 p - a ring of protection from fire
 s - the ring "Neunk" (right hand) {Will+ Str+3}
   (You found it on level 3 of the Dungeon)

   [ring of willpower]

   Str:       It affects your strength (+3).
   Will:      It increases your willpower.
Scrolls
 c - a scroll of enchant weapon {unknown}
 g - a scroll of torment {unknown}
 h - a scroll of magic mapping {unknown}
 i - 2 scrolls of identify {unknown}
 j - a scroll of immolation {unknown}
 k - 2 scrolls of teleportation {unknown}
 u - a scroll of brand weapon {unknown}
Potions
 b - a potion of magic
 d - a potion of attraction {unknown}
 l - a potion of lignification {unknown}
 q - 2 potions of curing {unknown}
 r - a potion of might {unknown}


   Skills:
 + Level 2.1 Fighting
 * Level 0.9 Armour
 - Level 1.5 Dodging
 - Level 2.1 Stealth
 + Level 3.8 Spellcasting
 * Level 1.3 Conjurations
 - Level 0.7 Transmutations
 + Level 5.8 Earth Magic


You had 4 spell levels left.
You knew the following spells:

 Your Spells              Type           Power      Damage    Failure   Level
a - Sandblast             Erth           64%        2d14      1%          1
b - Stone Arrow           Conj/Erth      42%        3d9       7%          3
c - Petrify               Tmut/Erth      20%        N/A       26%         4

Your spell library contained the following spells:

 Spells                   Type           Power      Damage    Failure   Level
 Passwall                 Tmut/Erth      16%        N/A       3%          2
 Magic Dart               Conj           40%        1d5       6%          1
 Beastly Appendage        Tmut           16%        N/A       8%          1
 Searing Ray              Conj           20%        2d5       9%          2
 Wereblood                Tmut           8%         N/A       11%         2
 Spider Form              Tmut/Pois      6%         N/A       26%         3
 Ozocubu's Armour         Ice            4%         N/A       30%         3
 Fulminant Prism          Conj/Hex       3%         3d5       58%         4
 Ozocubu's Refrigeration  Ice            2%         4d7       100%        7


Dungeon Overview and Level Annotations

Branches:
Dungeon (6/15)
 Temple: D:4-7

Altars:

Annotations:
D:6 Dowan, Duvessa


Innate Abilities, Weirdness & Mutations

You are immune to sickness and miasma.
Your stone body is resilient. (AC +4)
You are immune to poison.
You resist negative energy. (rN+)
You are resistant to electric shocks. (rElec)
You are resistant to unholy torment.
You are immune to petrification.


Message History

Casting: Sandblast (safe; 1% risk of failure)
Confirm with . or Enter, or press ? or * to list all spells.
Aiming: Sandblast (safe; 1% risk of failure)
Press: ? - help, Shift-Dir - straight line, f/p - Duvessa
Aim: Duvessa, wielding a +0 short sword and wearing a +0 scale mail (severely wounded, fast, 88% to hit)
The blast of sand hits Duvessa.
Duvessa is severely wounded.
Duvessa hits you but does no damage. Duvessa barely misses you.
Casting: Sandblast (safe; 1% risk of failure)
Confirm with . or Enter, or press ? or * to list all spells.
Aiming: Sandblast (safe; 1% risk of failure)
Press: ? - help, Shift-Dir - straight line, f/p - Duvessa
Aim: Duvessa, wielding a +0 short sword and wearing a +0 scale mail (severely wounded, fast, 88% to hit)
The blast of sand hits Duvessa but does no damage.
Duvessa is severely wounded.
Duvessa barely misses you. x2
Casting: Sandblast (safe; 1% risk of failure)
Confirm with . or Enter, or press ? or * to list all spells.
Aiming: Sandblast (safe; 1% risk of failure)
Press: ? - help, Shift-Dir - straight line, f/p - Duvessa
Aim: Duvessa, wielding a +0 short sword and wearing a +0 scale mail (severely wounded, fast, 88% to hit)
The blast of sand misses Duvessa.
The blast of sand misses Dowan.
Duvessa hits you with a +0 short sword! Duvessa hits you but does no damage.
You closely miss Duvessa.
Duvessa is severely wounded.
Duvessa hits you with a +0 short sword. x2
Dowan smirks and points a slender finger.
You hit Duvessa but do no damage.
Duvessa is severely wounded.
Duvessa barely misses you.
You completely miss Duvessa.
Duvessa is severely wounded.
Duvessa closely misses you. Duvessa hits you with a +0 short sword.
* * * LOW HITPOINT WARNING * * *
Dowan casts a spell.
Dowan blinks!
You barely miss Duvessa.
Duvessa is severely wounded.
Duvessa hits you with a +0 short sword!
You die...

....#####..####......#
#.......###....#####
#......e.####
#.##.....#
#.##...#.######>..
#.##...#..<......#
#§##...####.......
#e###### #....... #@#
#....... #.....e....#
####..## #..........#
..# #..........# .#
#..........# .#
#..........#
############


You could see Duvessa (fast) and Dowan.

Vanquished Creatures
  A scorpion (D:2)
  A gnoll bouda (D:6)
  Natasha (thrice) (D:2)
  3 gnolls (D:6)
  3 adders
  A white imp (D:6)
  A worm (D:3)
  3 ball pythons
  4 endoplasms
  3 giant cockroaches
  6 goblins
  3 hobgoblins
  5 jackals
  3 quokkas
  5 bats
  2 frilled lizards
  4 kobolds
  3 rats
54 creatures vanquished.

Notes
Turn   | Place    | Note
-------+----------+-------------------------------------------
     0 | D:1      | EWolf27 the Gargoyle Earth Elementalist began the quest for
                  | the Orb.
     0 | D:1      | Reached XP level 1. HP: 10/10 MP: 3/3
   243 | D:1      | Reached skill level 4 in Earth Magic
   391 | D:1      | Reached XP level 2. HP: 16/16 MP: 1/5
   768 | D:1      | Found a faded altar of an unknown god.
  1265 | D:2      | Reached skill level 1 in Fighting
  1449 | D:2      | Reached XP level 3. HP: 18/20 MP: 4/6
  1686 | D:2      | Noticed a scorpion
  1699 | D:2      | Killed a scorpion
  1700 | D:2      | Reached skill level 5 in Earth Magic
  1700 | D:2      | Reached XP level 4. HP: 18/26 MP: 1/8
  1932 | D:2      | Learned a level 3 spell: Stone Arrow
  1937 | D:2      | Learned a level 4 spell: Petrify
  2351 | D:2      | Noticed Natasha
  2356 | D:2      | Killed Natasha
  2357 | D:2      | Reached XP level 5. HP: 29/30 MP: 5/9
  2361 | D:2      | Noticed Natasha
  2373 | D:2      | Killed Natasha
  2608 | D:2      | Noticed Natasha
  2616 | D:2      | Killed Natasha
  2690 | D:3      | Reached skill level 1 in Conjurations
  2775 | D:3      | Identified the ring "Neunk" {Will+ Str+3}
  3217 | D:3      | You fall into a shaft and drop 3 floors!
  3231 | D:5      | Entered Level 5 of the Dungeon
  3316 | D:6      | Noticed Duvessa
  3316 | D:6      | Noticed Dowan
  3334 | D:6      | Reached XP level 6. HP: 35/35 MP: 8/11
  3346 | D:6      | Slain by Duvessa

Illustrated notes

Levels and vault maps discovered:
D:1:      heliophobic_arrival_dark_side_of_the_moon, layout_loops_ring,
          dreamdust_ecumenical_altar_hidden_monk_grotto
D:2:      layout_rooms, uniq_natasha
D:3:      layout_basic, uniq_sigmund
D:5:      layout_cave_pools, minitemple, roderic_serpentine_path
D:6:      layout_rooms, uniq_duvessa

Skill      XL: |  1  2  3  4  5 |
---------------+----------------+-----
Earth Magic    | 4 5 |  5.8
Fighting       | 1 2 |  2.1
Spellcasting   | 3 |  3.8
Conjurations   | 1 |  1.3
Armour         | |  0.9
Dodging        | |  1.5
Stealth        | |  2.1
Transmutations | |  0.7

Action                     |  1- 3 |  4- 6 || total
---------------------------+-------+-------++-------
  Melee: Dagger            |    18 |    94 ||   112
         Punch             |       |     1 ||     1
   Cast: Sandblast         |    28 |    41 ||    69
   Stab: Sleeping          |     1 |       ||     1
 Armour: Robe              |    13 |    47 ||    60
  Dodge: Dodged            |    24 |    84 ||   108
